 Dungeon Crawl Stone Soup version 0.28-a0-199-g298df9dbad (webtiles) character file.

Game seed: 13448690742954097926

298 theanonym the Cudgeller (level 6, -4/47 HPs)
             Began as a Mummy Brigand on Aug 19, 2021.
             Slain by an ogre (20 damage)
             ... on level 4 of the Dungeon.
             The game lasted 00:04:45 (4941 turns).

theanonym the Cudgeller (Mummy Brigand)             Turns: 4941, Time: 00:04:45

Health: -4/47      AC:  9    Str: 17    XL:     6   Next: 13%
Magic:  15/15      EV:  6    Int: 10    God:
Gold:   138        SH:  0    Dex: 13    Spells: 5/5 levels left

rFire   x . .      SeeInvis .   n - +1 whip (elec)
rCold   + . .      Faith    .   (no shield)
rNeg    + + +      Spirit   .   i - +0 chain mail
rPois   ∞          Reflect  .   (no helmet)
rElec   .          Harm     .   c - +0 cloak
rCorr   .          Rampage  .   (no gloves)
Will    .....                   (no boots)
Stlth   ..........              (no amulet)
HPRegen 0.15/turn               j - ring of magical power
MPRegen 0.14/turn               (no ring)

@: no status effects
A: cold resistance 1, negative energy resistance 3, torment resistance 2, heat
vulnerability 1, no potions
a: no special abilities


Innate Abilities, Weirdness & Mutations

You are immune to poison.
Your flesh is cold resistant. (rC+)
You are immune to negative energy. (rN+++)
You are immune to unholy pain and torment.
You are vulnerable to heat. (rF-)
You do not drink.


   Skills:
 + Level 3.6 Fighting
 - Level 1.5 Short Blades
 * Level 4.3 Maces & Flails
 - Level 1.5 Throwing
 - Level 0.7 Dodging
 - Level 3.2 Stealth


You had 5 spell levels left.
You didn't know any spells.
Your spell library was empty.

Skill      XL: |  1  2  3  4  5 |
---------------+----------------+-----
Fighting       | 3 |  3.6
Maces & Flails | 1 2 3 4 |  4.3
Short Blades   | |  1.5
Throwing       | |  1.5
Dodging        | |  0.7
Stealth        | |  3.2

Action                   |  1- 3 |  4- 6 || total
-------------------------+-------+-------++-------
Melee: Dagger            |    20 |       ||    20
       Mace              |   124 |   123 ||   247
       Whip              |       |    45 ||    45
Throw: Dart              |     2 |    14 ||    16
 Stab: Sleeping          |     2 |       ||     2
Armor: Robe              |     9 |       ||     9
       Chain mail        |   119 |   111 ||   230
Dodge: Dodged            |    58 |    50 ||   108

Inventory:

Hand Weapons
 a - a +0 mace
 n - a +1 whip of electrocution (weapon)
Missiles
 f - 2 curare-tipped darts (quivered)
 m - 23 poisoned darts
Armour
 c - a +0 cloak (worn)
 i - a +0 chain mail (worn)
Jewellery
 b - a ring of wizardry
 j - a ring of magical power (left hand)
Wands
 d - a wand of paralysis (4)
 l - a wand of polymorph (4)
Scrolls
 e - a scroll of acquirement {unknown}
 g - a scroll of identify {unknown}
 h - a scroll of magic mapping {unknown}
 k - a scroll of teleportation {unknown}


You were on level 4 of the Dungeon.
You visited 1 branch of the dungeon, and saw 4 of its levels.

You collected 138 gold pieces.

Dungeon Overview and Level Annotations

Branches:
Dungeon (4/15)
 Temple: D:4-7

Altars:
Hepliaklqana
Ru
Uskayaw

# ##### #
#.#.#...###### #
#.#.#.#<#†#....#
..#.#.#...#...#
#.....###.#.####.#
.....>..........#
#.##..@).....###
#....Oh..#.#.#
####†......#.#
#......#### .
.^...#.(..# #
.....#....# ....
#....# #+# #....#
#....#


You could see an ogre and a hound.

Notes
Turn   | Place    | Note
-------+----------+-------------------------------------------
     0 | D:1      | theanonym the Mummy Brigand began the quest for the Orb.
     0 | D:1      | Reached XP level 1. HP: 16/16 MP: 1/1
   384 | D:1      | Reached XP level 2. HP: 16/23 MP: 2/2
   711 | D:1      | HP: 11/23 [quokka (2)]
   938 | D:1      | Reached skill level 3 in Fighting
   938 | D:1      | Reached skill level 1 in Maces & Flails
   938 | D:1      | Reached XP level 3. HP: 16/29 MP: 3/3
  1599 | D:2      | HP: 13/29 [adder (3)]
  1604 | D:2      | HP: 5/29 [adder (4)]
  1992 | D:2      | Found a faded altar of an unknown god.
  2080 | D:2      | Reached skill level 2 in Maces & Flails
  2080 | D:2      | Reached XP level 4. HP: 23/35 MP: 4/4
  2961 | D:3      | Noticed Ijyb
  3155 | D:3      | Noticed Jessica
  3179 | D:3      | Killed Jessica
  3180 | D:3      | Reached skill level 3 in Maces & Flails
  3380 | D:3      | Found a hide-covered altar of Uskayaw.
  3380 | D:3      | Found a hazy altar of Hepliaklqana.
  3536 | D:3      | Paralysed by Ijyb for 5 turns
  3542 | D:3      | Killed Ijyb
  3543 | D:3      | Reached XP level 5. HP: 39/41 MP: 5/5
  3550 | D:3      | HP: 17/41 [iguana (10)]
  3969 | D:2      | HP: 16/41 [orc priest/divine providence (15)]
  4164 | D:2      | HP: 18/41 [orc (13)]
  4348 | D:3      | Reached skill level 4 in Maces & Flails
  4710 | D:3      | Found a sacrificial altar of Ru.
  4725 | D:3      | Reached XP level 6. HP: 37/47 MP: 6/6
  4939 | D:4      | HP: 16/47 [ogre (24)]
  4941 | D:4      | Slain by an ogre

Vanquished Creatures
  2 orc priests
  A bullfrog skeleton (D:4)
  Jessica (D:3)
  Ijyb (D:3)
  An iguana (D:3)
  A gnoll (D:1)
  6 adders
  A dart slug (D:3)
  3 orcs
  6 endoplasms
  4 giant cockroaches
  6 goblins
  4 hobgoblins
  3 jackals (D:3)
  5 kobolds
  6 quokkas
  3 ball pythons
  8 bats
  5 frilled lizards
  6 rats
73 creatures vanquished.

Table legend: (Time is in decaauts)
 A = Elapsed time spent in this place.
 B = Non-inter-level travel time spent in this place.
 C = Inter-level travel time spent in this place.
 D = Time resting spent in this place.
 E = Time spent auto-exploring this place.
 F = Levels seen in this place.
 G = Mean time per level.
                   A        B        C        D        E       F      G
               +--------+--------+--------+--------+--------+-----+--------+
         Total |   5014 |   4783 |    231 |   1999 |   2089 |   4 | 1253.5 |
       Dungeon |   5014 |   4783 |    231 |   1999 |   2089 |   4 | 1253.5 |
               +--------+--------+--------+--------+--------+-----+--------+

Top non-repeatable levels by time:
     D:2: 2117 daAuts
     D:1: 1437 daAuts
     D:3: 1410 daAuts
     D:4: 49 daAuts
